 Dungeon Crawl Stone Soup version 0.28-a0-1524-ge72afd5fc6 (webtiles) character file.

Game seed: 10948354167872848920

190 fragbeetle the Insei (level 5, -5/42 HPs)
             Began as a Draconian Transmuter on Jan 17, 2022.
             Killed from afar by Pikel (8 damage)
             ... with a bolt of acid
             ... on level 4 of the Dungeon.
             The game lasted 00:06:46 (3505 turns).

fragbeetle the Insei (Draconian Transmuter)         Turns: 3505, Time: 00:06:47

Health: -5/42      AC:  6    Str: 12    XL:     5   Next: 41%
Magic:  1/8        EV: 24    Int: 14    God:
Gold:   152        SH:  0    Dex: 18    Spells: 4/8 levels left

rFire   . . .      SeeInvis .     - Unarmed
rCold   . . .      Faith    .   (shield currently unavailable)
rNeg    . . .      Spirit   .   (armour unavailable)
rPois   x          Reflect  .   (helmet currently unavailable)
rElec   .          Harm     .   (cloak currently unavailable)
rCorr   .          Rampage  .   (gloves currently unavailable)
Will    .....                   (boots currently unavailable)
Stlth   ++........              (no amulet)
HPRegen 0.14/turn               b - +4 ring of evasion
MPRegen 0.11/turn               q - +4 ring of protection

@: spider-form (expiring)
A: venomous fangs, AC +5, tiny, unfitting armour, (cold-blooded)
a: End Transformation


You were on level 4 of the Dungeon.
You were a venomous arachnid creature.
You visited 1 branch of the dungeon, and saw 4 of its levels.

You collected 152 gold pieces.

Inventory:

Hand Weapons
 j - a +0 hunting sling
Missiles
 i - 46 stones
 n - 36 sling bullets
Armour
 m - a +0 cloak (melded)
Jewellery
 b - a +4 ring of evasion (left front leg)
 c - a +4 ring of slaying
 q - a +4 ring of protection (right front leg)
Wands
 o - a wand of mindburst (19)
Scrolls
 a - 2 scrolls of summoning {unknown}
 d - a scroll of fear {unknown}
 e - a scroll of holy word {unknown}
 f - a scroll of enchant weapon {unknown}
 g - a scroll of vulnerability {unknown}
 h - 2 scrolls of enchant armour {unknown}
 k - a scroll of silence {unknown}
 l - 2 scrolls of identify {unknown}
 s - a scroll of amnesia {unknown}
Potions
 p - a potion of cancellation {unknown}
 r - a potion of brilliance {unknown}
 t - a potion of ambrosia {unknown}


   Skills:
 + Level 2.3 Fighting
 + Level 2.5 Dodging
 * Level 4.1 Unarmed Combat
 - Level 2.0 Spellcasting
 * Level 3.5 Transmutations
 + Level 1.4 Poison Magic


You had 4 spell levels left.
You knew the following spells:

 Your Spells              Type           Power      Damage    Failure   Level
a - Beastly Appendage     Tmut           22%        N/A       16%         1
b - Spider Form           Tmut/Pois      8%         N/A       47%         3

Your spell library contained the following spells:

 Spells                   Type           Power      Damage    Failure   Level
 Wereblood                Tmut           11%        N/A       22%         2
 Foxfire                  Conj/Fire      4%         2x1d4     45%         1
 Blink                    Tloc           2%         N/A       56%         2
 Call Canine Familiar     Summ           1%         N/A       77%         3
 Confusing Touch          Hex            1%         N/A       77%         3
 Conjure Flame            Conj/Fire      1%         6-21      77%         3
 Inner Flame              Hex/Fire       1%         N/A       77%         3
 Lesser Beckoning         Tloc           1%         N/A       77%         3
 Portal Projectile        Hex/Tloc       2%         N/A       77%         3
 Ice Form                 Ice/Tmut       6%         N/A       89%         4
 Flame Wave               Conj/Fire      1%         2d4       98%         4
 Leda's Liquefaction      Hex/Erth       0%         N/A       98%         4
 Yara's Violent Unravell  Hex/Tmut       3%         3d4       99%         5
 Manifold Assault         Tloc           1%         N/A       100%        5
 Enfeeble                 Hex            0%         N/A       100%        7


Dungeon Overview and Level Annotations

Branches:
Dungeon (4/15)
 Temple: D:4-7

Altars:

Annotations:
D:4 Dowan, Duvessa, Pikel, Sigmund


Innate Abilities, Weirdness & Mutations

You are a venomous arachnid creature.
You have poisonous fangs.
You are tiny and dextrous.
Your spellcasting is less reliable in this form.
Your armour is entirely melded.
You are incapable of wielding weapons or throwing items.
((Your plain brown scales are hard. (AC +5)))
You cannot fit into any form of body armour.
((You are cold-blooded and may be slowed by cold attacks.))


Message History

Your transformation is almost over.
You hit Pikel.
Pikel is poisoned.
Pikel is lightly wounded.
You completely miss Pikel.
Pikel is lightly wounded.
Pikel hits you with a +1 whip of electrocution.
You are electrocuted!!
You hit Pikel.
Pikel looks as sick as possible!
Pikel is lightly wounded.
Pikel hits you with a +1 whip of electrocution.
You are electrocuted!
* * * LOW HITPOINT WARNING * * *
Pikel says, "You'll rot in Tartarus!"
You hear the rusting of a drain nearby.
Pikel says, "I touched Geryon's horn once."
Your transformation has ended.
Your +0 cloak unmelds from your body.
Pikel zaps a wand.
The bolt of acid misses you.
Okay, then.
Casting: Spider Form (quite dangerous; 26% risk of failure)
Confirm with . or Enter, or press ? or * to list all spells.
The spell is quite dangerous to miscast (26% risk of failure)!
Continue anyway?
You miscast Spider Form.
You are very lightly contaminated with residual magic.
Nothing appears to happen.
Pikel zaps a wand.
The bolt of acid misses you.
Casting: Spider Form (quite dangerous; 26% risk of failure)
Confirm with . or Enter, or press ? or * to list all spells.
The spell is quite dangerous to miscast (26% risk of failure)!
Continue anyway?
You turn into a venomous arachnid creature.
Your +0 cloak melds into your body.
You hit Pikel but do no damage.
Pikel looks even sicker.
Pikel is severely wounded.
Pikel hits you with a +1 whip of electrocution.
* * * LOW HITPOINT WARNING * * *
Your magical contamination has completely faded away.
You see here a +0 club.
Your transformation is almost over.
Pikel zaps a wand.
The bolt of acid hits you!
You die...

#.5.55.55.#
#.#######.# #5#
#.## #5# #5.# #.#
##.# #5# #.# #K#
#5# #.# #5## #s#
#.5# ##.# ##.#
#..# #... #.##
#≈≈... #.#
#≈≈≈...# ### #.#
#≈#.5..#
..########### #.#
#≈≈≈...#
#...........###.#
#≈#≈...#
..#########...#.#


You could see Pikel (very poisoned) and 3 lemures.

Vanquished Creatures
  A scorpion (D:3)
  3 gnolls (D:3)
  5 adders
  A worm (D:2)
  A dart slug (D:1)
  7 bats
  5 endoplasms
  A giant cockroach (D:3)
  6 goblins
  7 hobgoblins
  6 quokkas
  3 ball pythons
  3 frilled lizards
  5 kobolds
  4 rats
58 creatures vanquished.

Notes
Turn   | Place    | Note
-------+----------+-------------------------------------------
     0 | D:1      | fragbeetle the Draconian Transmuter began the quest for the
                  | Orb.
     0 | D:1      | Reached XP level 1. HP: 16/16 MP: 3/3
     7 | D:1      | Noticed a black mamba
    68 | D:1      | Reached XP level 2. HP: 20/23 MP: 1/5
  1208 | D:1      | Reached XP level 3. HP: 28/28 MP: 4/6
  1212 | D:1      | Learned a level 3 spell: Spider Form
  2408 | D:2      | Found a faded altar of an unknown god.
  2567 | D:3      | Reached XP level 4. HP: 26/36 MP: 7/7
  3094 | D:3      | Noticed a scorpion
  3133 | D:3      | Reached skill level 1 in Poison Magic
  3209 | D:3      | Killed a scorpion
  3210 | D:3      | Reached skill level 4 in Unarmed Combat
  3210 | D:3      | Reached XP level 5. HP: 38/41 MP: 6/8
  3337 | D:4      | Noticed Duvessa
  3337 | D:4      | Noticed Dowan
  3424 | D:4      | Noticed Sigmund
  3463 | D:4      | Noticed a lemure
  3464 | D:4      | Noticed Pikel
  3464 | D:4      | Noticed a lemure
  3465 | D:4      | Noticed a lemure
  3465 | D:4      | Noticed a lemure
  3505 | D:4      | Killed from afar by Pikel

Illustrated notes

Levels and vault maps discovered:
D:1:      onia_arrival_zoo_common, layout_basic, serial_aquarium,
          aquarium_bridge_square [aquarium_subvault_wall,
          aquarium_subvault_bridge, aquarium_subvault_bridge,
          aquarium_subvault_window], aquarium_bridge_straight
          [aquarium_subvault_bridge, aquarium_subvault_wall,
          aquarium_subvault_bridge, aquarium_subvault_wall],
          aquarium_window_fake, aquarium_window_corner, aquarium_view_2a,
          aquarium_balcony_3b, aquarium_pool_2
D:2:      layout_basic, basic_ecumenical_altar, nicolae_figureground_sparkle
D:3:      layout_basic
D:4:      layout_rooms, serial_shops, nicolae_lakefront_shop,
          nicolae_take_the_stairs, lightli_sewer_entry_pipes, uniq_sigmund,
          uniq_pikel, uniq_duvessa

Skill      XL: |  1  2  3  4 |
---------------+-------------+-----
Dodging        | 2 |  2.5
Fighting       | 2 |  2.3
Transmutations | 3 |  3.5
Poison Magic   | 1 |  1.4
Unarmed Combat | 4 |  4.1
Spellcasting   | |  2.0

Action                   |  1- 3 |  4- 6 || total
-------------------------+-------+-------++-------
Melee: Unarmed           |    77 |    62 ||   139
       Headbutt          |     7 |    10 ||    17
       Kick              |    14 |    11 ||    25
       Tailslap          |     5 |     7 ||    12
       Punch             |     2 |       ||     2
 Cast: Beastly Appendage |    32 |    16 ||    48
       Spider Form       |       |     2 ||     2
Armor: Skin              |     9 |    10 ||    19
Dodge: Dodged            |    52 |    44 ||    96

Table legend: (Time is in decaauts)
 A = Elapsed time spent in this place.
 B = Non-inter-level travel time spent in this place.
 C = Inter-level travel time spent in this place.
 D = Time resting spent in this place.
 E = Time spent auto-exploring this place.
 F = Levels seen in this place.
 G = Mean time per level.
                   A        B        C        D        E       F      G
               +--------+--------+--------+--------+--------+-----+--------+
         Total |   3495 |   3366 |    129 |      2 |   2575 |   4 |  873.8 |
       Dungeon |   3495 |   3366 |    129 |      2 |   2575 |   4 |  873.8 |
               +--------+--------+--------+--------+--------+-----+--------+

Top non-repeatable levels by time:
     D:1: 1365 daAuts
     D:2: 1130 daAuts
     D:3: 860 daAuts
     D:4: 138 daAuts
